 Dungeon Crawl Stone Soup version 0.31.0-11-ge490571c62 (webtiles) character file.

Game seed: 4697993317933686469

4372 thirtiethelement the Basher (level 10, -1/79 HPs)
             Began as a Demonspawn Berserker on Jan 29, 2024.
             Was a High Priest of Trog.
             Slain by a vampire (5 damage)
             ... on level 9 of the Dungeon.
             The game lasted 00:15:39 (8998 turns).

thirtiethelement the Basher (Demonspawn Berserker)  Turns: 8998, Time: 00:15:39

Health: -1/79      AC: 16    Str: 21    XL:     10   Next: 13%
Magic:  19/19      EV:  8    Int: 10    God:    Trog [*****.]
Gold:   380        SH:  5    Dex: 13    Spells: 9/9 levels left

rFire   . . .        a - +1 mace (elec)
rCold   . . .        (no shield)
rNeg    . . .        G - +0 plate armour
rPois   +            (no helmet)
rElec   .            y - +0 cloak
rCorr   .            (no gloves)
SInv    .            w - +0 pair of boots
Will    .....        A - amulet of reflection Stlth
                     k - ring of magical power
HPRegen 0.33/turn    t - ring of poison resistance
MPRegen 0.16/turn

%: reflection
@: no status effects
A: demonic guardian 2, ignite blood 1, big brain 1, weakness stinger 1
a: Renounce Religion, Berserk, Trog's Hand, Brothers in Arms


You were on level 9 of the Dungeon.
You worshipped Trog.
Trog was extremely pleased with you.
You visited 2 branches of the dungeon, and saw 10 of its levels.

You collected 432 gold pieces.
You spent 52 gold pieces at shops.

Inventory:

Hand Weapons
 a - a +1 mace of electrocution (weapon)
 g - a +2 whip of electrocution
Missiles
 d - 7 boomerangs (quivered)
 z - a throwing net
 C - 2 curare-tipped darts
Armour
 w - a +0 pair of boots (worn)
 y - a +0 cloak (worn)
 G - a +0 plate armour (worn)
Jewellery
 k - a ring of magical power (left hand)
 m - a ring of protection from cold
 t - a ring of poison resistance (right hand)
 A - an amulet of reflection (around neck)
 B - a ring of positive energy
 F - an amulet of guardian spirit
Wands
 j - a wand of roots (16)
 x - a wand of digging (2)
 D - a wand of acid (11)
Scrolls
 c - a scroll of enchant weapon
 h - 4 scrolls of fog
 o - 2 scrolls of blinking
 p - a scroll of teleportation
 s - 2 scrolls of vulnerability
 u - a scroll of immolation
Potions
 b - 2 potions of might
 e - 2 potions of enlightenment
 f - 2 potions of heal wounds
 i - 3 potions of curing
 l - 2 potions of lignification
 n - a potion of ambrosia
 q - 3 potions of haste
 r - 2 potions of berserk rage
 v - a potion of magic
 E - a potion of degeneration {unknown}


   Skills:
 + Level 7.0 Fighting
 + Level 8.8 Maces & Flails
 + Level 0.1 Throwing
 + Level 8.1 Armour
 + Level 3.5 Dodging
 + Level 2.3 Stealth
 + Level 1.3 Shields


You had 9 spell levels left.
You didn't know any spells.
Your spell library contained the following spells:

 Spells                   Type           Power      Damage    Failure   Level
 Dazzling Flash           Conj/Hex       0%         N/A       100%        3
 Mephitic Cloud           Conj/Alch/Air  0%         N/A       100%        3
 Curse of Agony           Necr           0%         N/A       100%        5
 Silence                  Hex/Air        0%         N/A       100%        5


Dungeon Overview and Level Annotations

Branches:
Dungeon (9/15)             Temple (1/1) D:4
   Lair: D:8-11         Orc: D:9-12

Altars:
Ashenzari
Cheibriados
Dithmenos
Fedhas
Gozag
Hepliaklqana
Kikubaaqudgha
Makhleb
Nemelex Xobeh
Qazlal
Ru
Sif Muna
Trog
Uskayaw
Vehumet
Wu Jian
Xom
Yredelemnul

Shops:
D:5 *


Innate Abilities, Weirdness & Mutations

A demonic guardian rushes to your aid.
Your demonic aura sometimes causes spilled blood to erupt in flames.
You have an unusually large brain. (Int +2)
You have a small tail.


Message History

The vampire bites you but does no damage.
You hit the vampire but do no damage. Lightning courses through the vampire!!
The vampire is severely damaged.
The vampire hits you! The vampire bites you!
The vampire draws strength from your injuries!
You barely miss the vampire.
The vampire is severely damaged.
The vampire casts a spell.
The vampire flickers and vanishes!
Deactivating autopickup; reactivate with Ctrl-A.
You closely miss something. Something hits you but does no damage.
Something bites you but does no damage.
You completely miss something. Something hits you but does no damage.
Something bites you but does no damage.
You miss something. Something hits you but does no damage. Something bites you.
Something draws strength from your injuries!
You miss something.
Your tail-slap misses something.
Something draws life force from you!
You barely miss something.
Your tail-slap misses something.
Something hits you but does no damage. Something bites you but does no damage.
You hit something.
Your tail-slap misses something.
Something hits you but does no damage. Something bites you but does no damage.
You miss something. Something hits you. Something bites you but does no damage.
You barely miss something. Something draws life force from you!
You hit something but do no damage. Something hits you!
* * * LOW HITPOINT WARNING * * *
A demonic guardian appears!
Something bites you but does no damage.
You miss something. Something hits you!
* * * LOW HITPOINT WARNING * * *
Something bites you but does no damage.
You closely miss something. Something hits you but does no damage.
You block something's attack.
You hit something but do no damage. Something hits you but does no damage.
Something bites you but does no damage.
You closely miss something. Something hits you but does no damage.
Something bites you!
* * * LOW HITPOINT WARNING * * *
Something draws strength from your injuries!
You sock something! Something hits you but does no damage. Something bites you.
You die...

#.# #....# #.# #.....
### ### #.# #....# ...
..# #.####.#.# #.##.#
###......... #.#.#
#.....##.##.
#..####.###.##....
##4.....# #.#####.
#@.####.###.# #. #{..#
#.....# #. #.####
###.### ## #########
#.# # #.......# ##.##
#####
#.......####...###....
#..<.........#........
#.).....####...###....
#..)....# ##.## #####


You could see a friendly orange demon (summoned).

Vanquished Creatures
  A wraith (D:9)
  A steam dragon (D:9)
  Duvessa (D:5)
  An acid dragon (D:7)
  2 water moccasins
  3 ice beasts (D:8)
  2 orc warriors
  2 sky beasts
  A phantom (D:5)
  3 centaurs
  3 kobold brigands (D:8)
  Blork the orc (D:6)
  2 bullfrogs (D:8)
  3 scorpions
  Dowan (D:5)
  A killer bee (D:7)
  3 bombardier beetles
  3 crimson imps (D:7)
  5 hounds
  4 orc priests
  A jelly (D:3)
  Crazy Yiuf (D:7)
  3 gnoll boudas
  A sleepcap (D:6)
  7 orc wizards
  7 iguanas
  13 gnolls
  6 adders
  A shadow imp (D:7)
  3 white imps (D:7)
  2 ufetubi (D:6)
  A dart slug (D:4)
  2 ribbon worms
  35 orcs
  6 ball pythons
  14 endoplasms
  3 giant cockroaches
  5 goblins
  12 hobgoblins
  19 kobolds
  3 quokkas
  4 bats
  2 frilled lizards
  A rat (D:1)
  A butterfly (D:6)
196 creatures vanquished.

Vanquished Creatures (collateral kills)
  2 steam dragons (D:8)
  An orc warrior (D:6)
  An ogre (D:6)
  A bullfrog (D:7)
  2 killer bees (D:6)
  2 crimson imps (D:7)
  An orc wizard (D:6)
  4 gnolls
  5 orcs
  A kobold (D:7)
20 creatures vanquished.

Grand Total: 216 creatures vanquished

Notes
Turn   | Place    | Note
-------+----------+-------------------------------------------
     0 | D:1      | thirtiethelement the Demonspawn Berserker began the quest
                  | for the Orb.
     0 | D:1      | Reached XP level 1. HP: 18/18 MP: 1/1
   143 | D:1      | Gained mutation: A weak demonic guardian rushes to your
                  | aid. [demonic ancestry]
   143 | D:1      | Reached XP level 2. HP: 23/24 MP: 2/2
   982 | D:2      | Reached ** piety under Trog
  1028 | D:2      | Reached XP level 3. HP: 28/29 MP: 3/3
  1783 | D:3      | Noticed a scorpion
  1790 | D:3      | Killed a scorpion
  1791 | D:3      | Gained mutation: Your demonic aura sometimes causes spilled
                  | blood to erupt in flames. [demonic ancestry]
  1791 | D:3      | Reached XP level 4. HP: 37/37 MP: 4/4
  1860 | D:3      | Found a radiant altar of Vehumet.
  1860 | D:3      | Found a transporter.
  1861 | D:3      | Found a broken altar of Ashenzari.
  1870 | D:3      | Found a transporter.
  2027 | D:3      | Reached XP level 5. HP: 42/42 MP: 5/5
  2500 | D:4      | Found a staircase to the Ecumenical Temple.
  2519 | D:4      | Gained mutation: You have a small tail. [demonic ancestry]
  2519 | D:4      | Reached XP level 6. HP: 48/48 MP: 6/6
  2539 | Temple   | Entered the Ecumenical Temple
  2990 | D:4      | Reached *** piety under Trog
  3401 | D:5      | Entered Level 5 of the Dungeon
  3425 | D:5      | Reached skill level 1 in Stealth
  3451 | D:5      | Reached skill level 5 in Maces & Flails
  3451 | D:5      | Reached XP level 7. HP: 37/55 MP: 7/7
  3456 | D:5      | Found a stormy altar of Qazlal.
  3716 | D:5      | Noticed Dowan
  3718 | D:5      | Noticed Duvessa
  3724 | D:5      | Killed Duvessa
  3725 | D:5      | Killed Dowan
  3727 | D:5      | Found Qoawaewk's Fire Supplies.
  3746 | D:5      | Bought a scroll of immolation for 52 gold pieces
  4287 | D:5      | Reached skill level 5 in Armour
  4487 | D:5      | Gained mutation: A demonic guardian rushes to your aid.
                  | [demonic ancestry]
  4487 | D:5      | Reached XP level 8. HP: 61/61 MP: 8/8
  4863 | D:6      | Reached skill level 5 in Fighting
  4999 | D:6      | Reached **** piety under Trog
  5203 | D:6      | Noticed Blork the orc
  5211 | D:6      | Killed Blork the orc
  5729 | D:6      | Found a shimmering altar of Xom.
  6295 | D:7      | Reached XP level 9. HP: 67/69 MP: 9/9
  6579 | D:7      | Found a blossoming altar of Fedhas.
  6580 | D:7      | Found a sacrificial altar of Ru.
  6587 | D:7      | Found a bloodstained altar of Trog.
  7024 | D:7      | Found a runed translucent door.
  7025 | D:7      | Noticed Crazy Yiuf
  7031 | D:7      | Killed Crazy Yiuf
  7700 | D:7      | Reached ***** piety under Trog
  8119 | D:8      | Reached skill level 1 in Shields
  8301 | D:8      | Gained mutation: You have an unusually large brain. (Int
                  | +2) [demonic ancestry]
  8301 | D:8      | Reached XP level 10. HP: 37/77 MP: 10/10
  8998 | D:9      | Slain by a vampire

Illustrated notes

Levels and vault maps discovered:
D:1:      elethiomel_arrival_shortcut, layout_basic
D:2:      layout_loops_ring, grunt_ministairs_12
D:3:      layout_loops_cross, gammafunk_temple_overflow_arena
D:4:      layout_basic, nicolae_elyvilon_peaceful_grove,
          minmay_temple_entry_junction_2
D:5:      layout_loops_corners, nicolae_qazlal_general_emergency,
          nicolae_shop_fire_sale [nicolae_sub_dead_trees], uniq_duvessa
D:6:      layout_gridville, xom_butterflies, uniq_blork_the_orc
D:7:      layout_basic, chequers_temple_overflow_statue_of_worship,
          minmay_nine_imps, uniq_crazy_yiuf_cottage
D:8:      layout_basic, minmay_bent
D:9:      layout_loops_cross, nicolae_straight_to_the_point
Temple:   hc_temple_tempest_star

Skill      XL: |  1  2  3  4  5  6  7  8  9 10 |
---------------+-------------------------------+-----
Maces & Flails | 3 4 5 6 7 8 |  8.8
Armour         | 2 3 4 5 6 7 8 |  8.1
Fighting       | 4 5 6 7 |  7.0
Dodging        | 2 3 |  3.5
Stealth        | 1 2 |  2.3
Shields        | 1 |  1.3
Throwing       | |  0.1

Action                     |  1- 3 |  4- 6 |  7- 9 | 10-12 || total
---------------------------+-------+-------+-------+-------++-------
  Melee: Mace              |    94 |   191 |   395 |    50 ||   730
         Punch             |       |     2 |     3 |     1 ||     6
         Tailslap          |       |    15 |    53 |     2 ||    70
  Throw: Boomerang         |       |       |     3 |       ||     3
 Invoke: Berserk           |     1 |     1 |     3 |       ||     5
         Trog's Hand       |       |       |     2 |       ||     2
    Use: Scroll            |       |    11 |     8 |     1 ||    20
   Stab: Distracted        |       |       |     2 |       ||     2
 Armour: Ring mail         |     8 |       |       |       ||     8
         Animal skin       |     1 |       |       |       ||     1
         Scale mail        |    34 |       |       |       ||    34
         Chain mail        |    23 |   179 |   497 |       ||   699
         Plate armour      |       |       |       |   101 ||   101
  Dodge: Dodged            |    41 |    76 |   266 |    21 ||   404
  Block: Other             |       |       |    37 |     9 ||    46
         Reflection        |       |       |     2 |     1 ||     3
